 Dungeon Crawl Stone Soup version 0.24.0-125-gc4c63601f3 (webtiles) character file.

Game seed: 8477126636910581196, levelgen mode: deterministic

297 Curus the Twirler (level 6, 44/44 HPs)
             Began as a Demonspawn Gladiator on Mar 11, 2020.
             Quit the game on level 2 of the Dungeon.
             The game lasted 00:06:41 (1892 turns).

Curus the Twirler (Demonspawn Gladiator)            Turns: 1892, Time: 00:06:42

Health: 44/44      AC:  3    Str: 14    XL:     6   Next: 12%
Magic:  6/6        EV: 13    Int:  9    God:
Gold:   77         SH:  0    Dex: 17    Spells: 5/5 levels left

rFire    . . .     SeeInvis .   a - +1 quarterstaff
rCold    . . .     Gourm    .   (shield currently unavailable)
rNeg     . . .     Faith    .   b - +0 leather armour
rPois    .         Spirit   +   (helmet restricted)
rElec    .         Reflect  .   (no cloak)
rCorr    .         Harm     .   (no gloves)
MR       .....                  (no boots)
Stlth    ++........             (no amulet)
HPRegen  0.14/turn              e - ring of flight
MPRegen  0.20/turn              (no ring)

@: no status effects
A: horns 1, camouflage 1, blurry vision 1, magic shield, magic regeneration
a: Evoke Flight


You were on level 2 of the Dungeon.
You were not hungry.

You visited 1 branch of the dungeon, and saw 2 of its levels.

You collected 77 gold pieces.

Inventory:

Hand Weapons
 a - a +1 quarterstaff (weapon)
Missiles
 d - 3 throwing nets (quivered)
Armour
 b - a +0 leather armour (worn)
 c - a +1 helmet
Jewellery
 e - a ring of flight (left hand)
Scrolls
 i - 2 scrolls of identify
Potions
 g - a potion of curing
Comestibles
 f - 4 rations


   Skills:
 - Level 2.0 Fighting
 + Level 6.3 Staves
 - Level 1.7 Throwing
 - Level 2.6 Dodging


You had 5 spell levels left.
You didn't know any spells.
Your spell library was empty.

Dungeon Overview and Level Annotations

Branches:
Dungeon (2/15)

Altars:
Fedhas


Innate Abilities, Weirdness & Mutations

You have a pair of small horns on your head.
When hurt, damage is shared between your health and your magic reserves.
You regenerate magic rapidly.
Your skin changes colour to match your surroundings (Stealth+).
Scrolls take you a little longer to read.


Message History

The goblin shouts!
Found a dagger.
You sock the goblin!
You kill the goblin!
There is an escape hatch in the floor here.
Found a ring mail.
You see here a ring mail.
You see here a ring mail.
There is a stone staircase leading down here.
You see here a stone.
You enter the shallow water.
Moving in this stuff is going to be slow.
You enter the shallow water.
Moving in this stuff is going to be slow.
You enter the shallow water.
Moving in this stuff is going to be slow.
All of the chunks of flesh in your inventory have rotted away.
Done exploring.
Done exploring.
Are you sure you want to abandon this character and quit the game? (Confirm with "yes".)

#####.# ##...<....#
.##...# ##.......###
.....#######.........#
.##.......##.........#
..........##...^.....#
.#.##......#)........#
...##.###'###........#
..#####≈≈≈≈≈#........#
..## #≈≈≈≈≈#...@....#
...####≈≈≈≈≈#........#
......#≈≈≈≈≈#........#
.########'###..≈.....#
.######....##..≈....##
.....#####.###..≈≈.##
.###.÷.......≈≈≈≈≈≈≈#
## #######.##..######
#.....#


There were no monsters in sight!

Vanquished Creatures
  Sigmund (D:2)
  A hound (D:2)
  A worker ant (D:2)
  2 adders (D:2)
  2 oozes (D:1)
  2 worms (D:2)
  2 dart slugs (D:2)
  2 leopard geckos (D:1)
  6 bats
  2 giant cockroaches
  6 hobgoblins
  3 frilled lizards (D:1)
  5 goblins
  8 kobolds
  8 rats
51 creatures vanquished.

Notes
Turn   | Place    | Note
-------+----------+-------------------------------------------
     0 | D:1      | Curus the Demonspawn Gladiator began the quest for the Orb.
     0 | D:1      | Reached XP level 1. HP: 16/16 MP: 1/1
   152 | D:1      | Reached skill level 3 in Staves
   159 | D:1      | Gained mutation: When hurt, damage is shared between your
                  | health and your magic reserves. [demonic ancestry]
   159 | D:1      | Reached XP level 2. HP: 22/22 MP: 2/2
   868 | D:1      | Gained mutation: You have a pair of small horns on your
                  | head. [demonic ancestry]
   868 | D:1      | Reached XP level 3. HP: 22/27 MP: 3/3
  1179 | D:2      | Reached skill level 4 in Staves
  1319 | D:2      | Reached XP level 4. HP: 26/33 MP: 4/4
  1343 | D:2      | Gained mutation: Scrolls take you a little longer to read.
                  | [potion of mutation]
  1343 | D:2      | Gained mutation: Your skin changes colour to match your
                  | surroundings (Stealth+). [potion of mutation]
  1371 | D:2      | Reached skill level 5 in Staves
  1423 | D:2      | Reached XP level 5. HP: 24/38 MP: 3/5
  1442 | D:2      | Noticed Sigmund
  1457 | D:2      | Killed Sigmund
  1457 | D:2      | Reached skill level 6 in Staves
  1457 | D:2      | Gained mutation: You regenerate magic rapidly. [demonic
                  | ancestry]
  1457 | D:2      | Reached XP level 6. HP: 15/44 MP: 3/6
  1666 | D:2      | Found a blossoming altar of Fedhas.
  1892 | D:2      | Quit the game

Levels and vault maps discovered:
D:1:      elethiomel_arrival_infinity_welcomes_careful_drivers,
          layout_loops_corners, kennysheep_small_spiral
D:2:      layout_rooms, first_ration, serial_rivers,
          chequers_serial_rivers_small_3, chequers_serial_rivers_micro_b,
          chequers_serial_rivers_micro_c, chequers_serial_rivers_micro_c,
          chequers_serial_rivers_room_b, chequers_serial_rivers_micro_e,
          fedhas_altar_1, uniq_sigmund

Skill      XL: |  1  2  3  4  5 |
---------------+----------------+-----
Staves         | 3 4 5 6 |  6.3
Fighting       | |  2.0
Throwing       | |  1.7
Dodging        | |  2.6

Action                   |  1- 3 |  4- 6 || total
-------------------------+-------+-------++-------
Melee: Quarterstaff      |   119 |    47 ||   166
       Headbutt          |     6 |    13 ||    19
Throw: Throwing net      |       |     1 ||     1
  Use: Scroll            |     4 |     3 ||     7
       Potion            |     1 |     1 ||     2
  Eat: Chunk             |     1 |     2 ||     3
Armor: Leather armour    |    26 |     2 ||    28
Dodge: Dodged            |    95 |    37 ||   132
